 Dungeon Crawl Stone Soup version 0.30-a0-632-g346586fe48 (webtiles) character file.

Game seed: 14849865348558572073

53 MachoJfn the Magician (level 4, -2/32 HPs)
             Began as a Djinni Ice Elementalist on Jan 13, 2023.
             Slain by an adder (3 damage)
             ... on level 2 of the Dungeon.
             The game lasted 00:07:36 (1226 turns).

MachoJfn the Magician (Djinni Ice Elementalist)     Turns: 1226, Time: 00:07:36

Health: -2/32      AC:  5    Str:  9    XL:     4   Next: 10%
Gold:   36         EV: 10    Int: 16    God:
                   SH:  0    Dex: 14

rFire   + + .      SeeInvis .    a - +0 short sword (holy)
rCold   x . .      Faith    .    (no shield)
rNeg    . . .      Spirit   .    d - +0 ring mail
rPois   ∞          Reflect  .    (no helmet)
rElec   .          Harm     .    (no cloak)
rCorr   .          Rampage  .    (no gloves)
Will    .....                    (boots unavailable)
Stlth   +                        (no amulet)
HPRegen 0.25/turn                (no ring)
MPRegen 0.00/turn                (no ring)

@: flying
A: sickness immunity, fire resistance 2, cold vulnerability 1, float, innate
caster, HP casting, extra vitality 1
a: no special abilities


You were on level 2 of the Dungeon.
You visited 1 branch of the dungeon, and saw 2 of its levels.

You collected 36 gold pieces.

Inventory:

Hand Weapons
 a - a +0 short sword of holy wrath (weapon)
Armour
 d - a +0 ring mail (worn)
Potions
 b - a potion of magic
 c - a potion of brilliance
 f - a potion of haste


   Skills:
 + Level 1.2 Fighting
 + Level 0.7 Short Blades
 + Level 0.6 Polearms
 + Level 0.1 Armour
 + Level 2.3 Dodging
 + Level 1.5 Stealth
 + Level 3.8 Spellcasting


You couldn't memorise any spells.
You knew the following spells:

 Your Spells              Type           Power      Damage    Failure   Level
a - Freeze                Ice            60%        1d7       10%         1
b - Frozen Ramparts       Ice            30%        1d5       30%         3
c - Ozocubu's Armour      Ice            15%        N/A       30%         3
d - Summon Ice Beast      Ice/Summ       15%        N/A       69%         4
e - Sting                 Tmut/Pois      60%        1d6       10%         1
Your spell library was empty.

Dungeon Overview and Level Annotations

Branches:
Dungeon (2/15)

Altars:


Innate Abilities, Weirdness & Mutations

You are immune to sickness and miasma.
You are immune to poison.
Your flesh is very heat resistant. (rF++)
You are vulnerable to cold. (rC-)
You float through the air rather than walking.
You learn spells naturally, not from books.
Your magical power is your life essence.
You have superior vitality. (+4 MHP)


Message History

You completely miss the adder.
The adder is heavily wounded.
The adder bites you but does no damage.
You hit the adder.
The adder is heavily wounded.
The adder bites you. The adder barely misses you.
You barely miss the adder.
The adder is heavily wounded.
The adder barely misses you.
You hit the adder.
The adder is severely wounded.
The adder completely misses you.
You closely miss the adder.
The adder is severely wounded.
The adder closely misses you.
You barely miss the adder.
The adder is severely wounded.
The adder bites you.
You closely miss the adder.
The adder is severely wounded.
The adder bites you.
* * * LOW HITPOINT WARNING * * *
The adder bites you but does no damage.
You hit the adder.
The adder is severely wounded.
The adder bites you.
* * * LOW HITPOINT WARNING * * *
You hit the adder.
The adder is almost dead.
The adder bites you.
* * * LOW HITPOINT WARNING * * *
You barely miss the adder.
The adder is almost dead.
The adder bites you.
* * * LOW HITPOINT WARNING * * *
The adder barely misses you.
You closely miss the adder.
The adder is almost dead.
The adder bites you.
You die...

..... #.# ......
###.# # ...... #...#
.# # ......
#.#.####.#.##
......###.#.<........
...................#
.........†.........#
........#####.##.###
........# #@# ..
........# #S# ##
....<...# #g#
........# #.#
........# #.#
........# #.#
#.####.## #.# #. #.
#..


You could see an adder and a goblin.

Vanquished Creatures
  2 adders (D:2)
  3 dart slugs (D:1)
  3 endoplasms (D:1)
  A goblin (D:1)
  5 jackals (D:1)
  4 kobolds (D:1)
  2 quokkas (D:1)
  2 ball pythons (D:1)
  3 bats (D:1)
  2 frilled lizards (D:1)
  2 rats (D:1)
29 creatures vanquished.

Notes
Turn   | Place    | Note
-------+----------+-------------------------------------------
     0 | D:1      | MachoJfn the Djinni Ice Elementalist began the quest for
                  | the Orb.
     0 | D:1      | MachoJfn set off with the following spells memorised:
                  | Freeze, Frozen Ramparts, Ozocubu's Armour, Summon Ice
                  | Beast.
     0 | D:1      | Reached XP level 1. HP: 15/15 MP: 0/0
   218 | D:1      | Reached XP level 2. HP: 10/21 MP: 0/0
   418 | D:1      | Reached XP level 3. HP: 15/25 MP: 0/0
   418 | D:1      | Learned a level 1 spell: Sting
  1188 | D:2      | Reached skill level 1 in Fighting
  1214 | D:2      | Reached XP level 4. HP: 15/32 MP: 0/0
  1225 | D:2      | HP: 1/32 [adder (2)]
  1226 | D:2      | Slain by an adder

Illustrated notes

Levels and vault maps discovered:
D:1:      saegor_arrival_simple_d, layout_basic, minmay_crystal_room
D:2:      layout_basic, uniq_natasha

Skill      XL: |  1  2  3 |
---------------+----------+-----
Fighting       | 1 |  1.2
Short Blades   | |  0.7
Polearms       | |  0.6
Armour         | |  0.1
Dodging        | |  2.3
Stealth        | |  1.5
Spellcasting   | |  3.8

Action                   |  1- 3 |  4- 6 || total
-------------------------+-------+-------++-------
Melee: Spear             |    57 |       ||    57
       Short sword       |    66 |    13 ||    79
 Cast: Freeze            |     7 |       ||     7
  Use: Scroll            |     3 |       ||     3
       Potion            |     2 |       ||     2
Armor: Robe              |     4 |       ||     4
       Ring mail         |    30 |     3 ||    33
Dodge: Dodged            |    78 |     5 ||    83

Table legend: (Time is in decaauts)
 A = Elapsed time spent in this place.
 B = Non-inter-level travel time spent in this place.
 C = Inter-level travel time spent in this place.
 D = Time resting spent in this place.
 E = Time spent auto-exploring this place.
 F = Levels seen in this place.
 G = Mean time per level.
                   A        B        C        D        E       F      G
               +--------+--------+--------+--------+--------+-----+--------+
         Total |   1229 |   1079 |    150 |    183 |    539 |   2 |  614.5 |
       Dungeon |   1229 |   1079 |    150 |    183 |    539 |   2 |  614.5 |
               +--------+--------+--------+--------+--------+-----+--------+

Top non-repeatable levels by time:
     D:1: 1177 daAuts
     D:2: 52 daAuts
